 Dungeon Crawl Stone Soup version 0.21.1-1-g345015fe64 (webtiles) character file.

21550 Gargoyl the Agent of Entropy (level 12, -2/104 HPs)
             Began as a Centaur Abyssal Knight on May 16, 2018.
             Was a Priest of Lugonu.
             Slain by a killer bee (5 damage)
             ... on level 2 of the Lair of Beasts on May 17, 2018.
             The game lasted 00:31:52 (15774 turns).

Gargoyl the Agent of Entropy (CeAK)                Turns: 15774, Time: 00:31:55

Health: -2/104     AC: 17    Str: 23    XL:     12   Next: 55%
Magic:  20/20      EV:  5    Int: 14    God:    Lugonu [***...]
Gold:   991        SH:  0    Dex: 12    Spells: 11/11 levels left

rFire    + + +     SeeInvis .   a - +5 great sword of the Iron City of Dis {protect, rF+++ Str+2 Int+3 Stlth-}
rCold    . . .     Gourm    .   (shield currently unavailable)
rNeg     . . .     Faith    .   A - +0 plate armour
rPois    .         Spirit   .   e - +1 helmet
rElec    .         Reflect  .   J - +0 cloak
rCorr    .         Harm     .   I - +0 pair of gloves
MR       +....                  (no barding)
Stlth    ..........             p - amulet of regeneration
HPRegen  0.67/turn              E - +4 ring of strength
MPRegen  0.17/turn              C - ring of protection from magic

@: lethally poisoned (-2 -> -4), very quick
A: large, hooves 3, deformed body, speed 2, tough skin 3
a: Depart the Abyss, Bend Space, Banish, Renounce Religion


You were on level 2 of the Lair of Beasts.
You worshipped Lugonu.
Lugonu was most pleased with you.
You were hungry.

You visited 2 branches of the dungeon, and saw 11 of its levels.
You visited the Abyss 1 time.

You collected 991 gold pieces.

Inventory:

Hand Weapons
 a - the +5 great sword of the Iron City of Dis (weapon) {protect, rF+++ Str+2 Int+3 Stlth-}
   (You found it on level 1 of the Lair of Beasts)

   It protects the one who uses it against injury (+AC on strike).
   It affects your strength (+2).
   It affects your intelligence (+3).
   It renders you almost immune to fire.
   It makes you less stealthy.
 n - a +2 hand axe of electrocution
 y - the +8 long sword "Vutien" {holy, rPois Int+3 Dex+3}
   (You found it on level 6 of the Dungeon)

   It has been blessed by the Shining One to cause great damage to the undead
   and demons.
   It affects your intelligence (+3).
   It affects your dexterity (+3).
   It protects you from poison.
 z - a +1 war axe of freezing
 N - a +0 broad axe of protection
Missiles
 H - 8 javelins (quivered)
Armour
 e - a +1 helmet (worn)
 A - a +0 plate armour (worn)
 I - a +0 pair of gloves (worn)
 J - a +0 cloak (worn)
Jewellery
 p - an amulet of regeneration (around neck)
 q - an uncursed ring of see invisible
 u - an uncursed ring of positive energy
 C - a ring of protection from magic (right hand)
 E - a +4 ring of strength (left hand)
Wands
 i - a wand of enslavement (16)
 r - a wand of paralysis (22)
 v - a wand of iceblast (12)
 w - a wand of flame (15)
 D - a wand of random effects (10)
 M - a wand of acid (14)
Scrolls
 b - 2 scrolls of amnesia
 d - a scroll of magic mapping
 h - 3 scrolls of fog
 o - 2 scrolls of blinking
 s - 3 scrolls of teleportation
 t - 5 scrolls of remove curse
 L - a scroll of identify
Potions
 g - 2 potions of haste
 j - 4 potions of flight
 k - 2 potions of resistance
 m - a potion of brilliance
 x - 2 potions of might
 F - 4 potions of curing
 G - 3 potions of agility
 O - a potion of heal wounds
Books
 P - a book of Cantrips

   Spells                             Type                      Level
   a - Confusing Touch                Hexes                        1
   b - Animate Skeleton               Necromancy                   1
   c - Summon Small Mammal            Summoning                    1
   d - Apportation                    Translocation                1
Comestibles
 c - 6 rations


   Skills:
 + Level 9.1 Fighting
 + Level 5.0 Long Blades
 + Level 8.6 Axes
 + Level 1.9 Throwing
 * Level 9.9 Armour
 + Level 1.5 Dodging
 * Level 10.8 Invocations
 + Level 0.3 Evocations


You had 11 spell levels left.
You didn't know any spells.

Dungeon Overview and Level Annotations

Branches:
Dungeon (9/15)             Temple (0/1) D:4            Lair (2/6) D:9
  Swamp: Lair:2-4    Shoals: Lair:2-4     Snake: Lair:2-4    Spider: Lair:2-4
    Orc: D:9-12

Altars:
Cheibriados
Dithmenos
Fedhas
Kikubaaqudgha
Makhleb
Okawaru
Sif Muna
Zin
Beogh


Innate Abilities, Weirdness & Mutations

You have hooves in place of feet.
Armour fits poorly on your strangely shaped body.
You cover ground very quickly.
You have extremely tough skin. (AC +3)


Message History

You feel sick. The killer bee stings you.
* * * LOW HITPOINT WARNING * * *
You are more poisoned.
The killer bee poisons you!
The killer bee stings you but does no damage.
Unknown command.
You closely miss the killer bee. Your kick misses the killer bee.
The killer bee is severely wounded.
* * * LOW HITPOINT WARNING * * *
You feel sick.
The killer bee stings you but does no damage.
The killer bee barely misses you.
The killer bee stings you but does no damage.
You barely miss the killer bee.
The killer bee is severely wounded.
* * * LOW HITPOINT WARNING * * *
You feel sick.
The killer bee stings you but does no damage. x2
The killer bee stings you.
You die...

...##.#....##..$.### #####.
...#.P.....##..#..## ###.....
.............................
#......†#.....###......... #
##....#.##.##### ##....... #.
#P.÷†#####†# ####>.(.....
#.###...P####.# #.........##
#.......###..y## #.......#.#.
#..#........#@.####......###..
#..#......P....##..##.........#
## #.##...P...##..........#P##.
## #....##.####........####. #.
#....#...###.<.......#... ##.
#....##.#...#.....=...... ..
#.....##..............#### #.
#########......#..#P...#♣♣♣
#.##....# ##.....#........#♣..


You could see a killer bee.

Vanquished Creatures
  2 two-headed ogres
  A lindwurm (Lair:2)
  Pikel (D:3)
  A worldbinder (Abyss:1)
  Maurice (D:9)
  2 black mambas
  3 spiny frogs
  5 komodo dragons
  The ghost of Gargoyl the Skirmisher, an amateur CeAK of Lugonu (D:4)
  2 hornets (Lair:2)
  A troll (D:9)
  2 hippogriffs (Lair:1)
  Grinder (D:4)
  6 blink frogs
  Sigmund (D:5)
  A spriggan (D:8)
  A wyvern (D:9)
  12 yaks
  Eustachio (D:6)
  3 basilisks (Lair:1)
  3 steam dragons (D:9)
  A hungry ghost (D:9)
  Edmund (D:4)
  5 water moccasins
  10 porcupines
  2 orc warriors
  A black bear (Lair:2)
  2 sky beasts
  4 ice beasts
  A phantom (D:9)
  A slave (D:4)
  7 wolves
  An ogre (D:8)
  2 centaurs
  3 crocodiles
  A big kobold (D:3)
  6 bullfrogs
  2 wyvern zombies
  A gnoll sergeant (D:7)
  3 scorpions
  26 killer bees
  3 wights (D:9)
  3 howler monkeys (D:9)
  3 crimson imps
  2 bullfrog zombies
  7 hounds
  A quasit (D:8)
  3 jellies
  5 orc priests
  A bullfrog skeleton (D:6)
  Jessica (D:2)
  2 centaur skeletons
  3 iguanas
  6 orc wizards
  6 worker ants
  A hound zombie (D:7)
  2 hound skeletons
  16 gnolls
  7 adders
  5 shadow imps
  2 adder skeletons
  3 worms
  3 dart slugs
  3 leopard geckos
  31 orcs
  2 ball pythons
  6 giant cockroaches
  26 goblins
  25 hobgoblins
  14 jackals
  9 kobolds
  A quokka (D:6)
  8 bats
  4 frilled lizards
  A leopard gecko skeleton (D:8)
  A leopard gecko zombie (D:7)
  A quokka skeleton (D:8)
  8 rats
356 creatures vanquished.

Vanquished Creatures (others)
  3 hydras
  A two-headed ogre (D:8)
  A cyclops (D:6)
  A spiny frog (Lair:2)
  A hornet (Lair:2)
  A blink frog (Lair:2)
  2 slaves (D:4)
  A crocodile (Lair:2)
  2 electric eels (D:9)
  A jackal (D:9)
  7 fungi (Lair:2)
  32 plants
53 creatures vanquished.

Grand Total: 409 creatures vanquished

Notes
Turn   | Place    | Note
-------+----------+-------------------------------------------
     0 | Abyss:1  | Gargoyl the Centaur Abyssal Knight began the quest for the Orb.
     0 | Abyss:1  | Reached XP level 1. HP: 19/19 MP: 2/2
    28 | Abyss:1  | Noticed a worldbinder
    34 | Abyss:1  | Noticed a dream sheep
    34 | Abyss:1  | Noticed a blink frog
    35 | Abyss:1  | Killed a worldbinder
    35 | Abyss:1  | Reached skill level 5 in Fighting
    35 | Abyss:1  | Reached skill level 3 in Invocations
    35 | Abyss:1  | Reached XP level 2. HP: 30/30 MP: 2/4
    35 | Abyss:1  | Reached XP level 3. HP: 37/37 MP: 2/5
    35 | Abyss:1  | Reached XP level 4. HP: 44/44 MP: 2/6
    35 | Abyss:1  | Reached XP level 5. HP: 50/50 MP: 2/7
    35 | Abyss:1  | Reached XP level 6. HP: 57/57 MP: 2/8
    75 | Abyss:1  | Noticed a small abomination
   183 | Abyss:1  | Noticed a starcursed mass
   205 | D:1      | Escaped the Abyss
   505 | D:1      | Reached * piety under Lugonu
  1114 | D:2      | Found a deep blue altar of Sif Muna.
  1195 | D:2      | Found a blossoming altar of Fedhas.
  1211 | D:2      | Noticed Jessica
  1213 | D:2      | Found an ancient bone altar of Kikubaaqudgha.
  1216 | D:2      | Killed Jessica
  1242 | D:2      | Found a snail-covered altar of Cheibriados.
  1329 | D:2      | Found a glowing silver altar of Zin.
  1822 | D:3      | Reached ** piety under Lugonu
  2304 | D:3      | Reached XP level 7. HP: 46/63 MP: 9/9
  2520 | D:3      | Reached skill level 1 in Dodging
  2589 | D:3      | Reached *** piety under Lugonu
  3427 | D:4      | Noticed Gargoyl's ghost (amateur CeAK)
  3438 | D:4      | Killed Gargoyl's ghost
  3438 | D:4      | Reached skill level 4 in Invocations
  3473 | D:4      | Noticed Edmund
  3506 | D:5      | Entered Level 5 of the Dungeon
  3515 | D:5      | Reached XP level 8. HP: 13/70 MP: 11/11
  3731 | D:5      | Noticed Sigmund
  4045 | D:4      | Killed Edmund
  4273 | D:4      | Found a roughly hewn altar of Beogh.
  4364 | D:4      | Found a burning altar of Makhleb.
  4388 | D:4      | Noticed Grinder
  4392 | D:4      | Paralysed by Grinder for 3 turns
  4396 | D:4      | Killed Grinder
  4396 | D:4      | Reached **** piety under Lugonu
  4406 | D:4      | Reached skill level 5 in Axes
  4605 | D:4      | Noticed Pikel
  5034 | D:3      | Killed Pikel
  5034 | D:3      | Reached skill level 5 in Armour
  5034 | D:3      | Reached skill level 5 in Invocations
  5322 | D:4      | Found a staircase to the Ecumenical Temple.
  5652 | D:4      | Reached XP level 9. HP: 73/78 MP: 12/12
  5729 | D:5      | Found a shadowy altar of Dithmenos.
  5769 | D:5      | Killed Sigmund
  6970 | D:6      | Got a brightly glowing long sword
  7312 | D:5      | Identified the +8 long sword "Vutien" {holy, rPois Int+3 Dex+3} (You found it on level 6 of the Dungeon)
  7561 | D:6      | Noticed a cyclops
  8112 | D:6      | Noticed Eustachio
  8126 | D:6      | Killed Eustachio
  8296 | D:6      | Banished a cyclops
  8744 | D:7      | Reached skill level 6 in Invocations
  8822 | D:7      | Reached XP level 10. HP: 44/86 MP: 14/14
  9254 | D:8      | Noticed a two-headed ogre
  9265 | D:8      | Killed a two-headed ogre
  9657 | D:8      | Noticed a two-headed ogre
  9822 | D:8      | Banished a two-headed ogre
 10582 | D:9      | Reached skill level 7 in Invocations
 10850 | D:9      | Reached skill level 1 in Long Blades
 10853 | D:9      | Reached skill level 1 in Throwing
 11051 | D:9      | Found a staircase to the Lair.
 11067 | D:9      | Reached ***** piety under Lugonu
 11307 | D:9      | Noticed Maurice
 11320 | D:9      | Killed Maurice
 11320 | D:9      | Reached XP level 11. HP: 59/94 MP: 16/16
 11330 | D:9      | Reached skill level 8 in Invocations
 11334 | D:9      | Noticed a two-headed ogre
 11500 | D:9      | Killed a two-headed ogre
 12163 | Lair:1   | Entered Level 1 of the Lair of Beasts
 12175 | Lair:1   | Found an iron altar of Okawaru.
 12481 | Lair:1   | Got a bloodstained great sword
 12482 | Lair:1   | Identified the +5 great sword of the Iron City of Dis {protect, rF+++ Str+2 Int+3 Stlth-} (You found it on level 1 of the Lair of Beasts)
 12863 | Lair:1   | Noticed a five-headed hydra
 12870 | Lair:1   | Banished a five-headed hydra
 12936 | Lair:1   | Noticed a six-headed hydra
 12939 | Lair:1   | Banished a six-headed hydra
 12939 | Lair:1   | Reached skill level 9 in Invocations
 13779 | Lair:2   | Noticed a four-headed hydra
 13785 | Lair:2   | Banished a four-headed hydra
 14078 | Lair:2   | Noticed an eight-headed hydra
 14080 | Lair:2   | Banished an eight-headed hydra
 14080 | Lair:2   | Reached skill level 10 in Invocations
 14185 | Lair:2   | Reached XP level 12. HP: 41/103 MP: 19/19
 14199 | Lair:2   | HP: 6/154 [blink frog (3)]
 14480 | Lair:2   | Noticed an eight-headed hydra
 14504 | Lair:2   | Paralysed by a hornet for 2 turns
 14510 | Lair:2   | Banished an eight-headed hydra
 14513 | Lair:2   | Paralysed by a hornet for 1 turns
 15727 | Lair:2   | Reached skill level 5 in Long Blades
 15772 | Lair:2   | HP: 5/104 [killer bee (6)]
 15774 | Lair:2   | Slain by a killer bee

Skill      XL: |  1  2  3  4  5  6  7  8  9 10 11 12 |
---------------+-------------------------------------+-----
Fighting       | 5 6 7 8 9 |  9.1
Axes           | 2 3 4 5 6 7 8 |  8.6
Armour         | 2 3 5 6 8 9 |  9.9
Invocations    | 3 4 5 6 7 10 | 10.8
Dodging        | 1 |  1.5
Long Blades    | 1 2 5 |  5.0
Throwing       | 1 |  1.9
Evocations     | |  0.3

Action                   |  1- 3 |  4- 6 |  7- 9 | 10-12 || total
-------------------------+-------+-------+-------+-------++-------
Melee: Hand axe          |     3 |   126 |   432 |   358 ||   919
       Kick              |     3 |    28 |   112 |   159 ||   302
       Long sword        |       |       |       |    14 ||    14
       Great sword       |       |       |       |   243 ||   243
Throw: Tomahawk          |       |       |       |     8 ||     8
       Javelin           |       |       |       |    12 ||    12
Invok: Depart the Abyss  |       |     1 |       |       ||     1
       Bend Space        |       |       |     1 |       ||     1
       Banish            |       |       |     2 |    21 ||    23
Evoke: Wand              |       |       |     4 |     1 ||     5
  Use: Potion            |     1 |       |     2 |     7 ||    10
       Scroll            |       |     7 |     9 |    13 ||    29
  Eat: Chunk             |       |     2 |     6 |     9 ||    17
       Ration            |       |       |     4 |     7 ||    11
Armor: Leather armour    |     2 |       |       |       ||     2
       Scale mail        |       |    73 |       |       ||    73
       Chain mail        |       |    34 |   230 |       ||   264
       Plate armour      |       |       |   101 |   643 ||   744
       Skin              |       |       |       |    64 ||    64
Dodge: Dodged            |     1 |    48 |    95 |   174 ||   318
       Rpst.: Great sword |       |       |       |    25 ||    25
